 Dungeon Crawl Stone Soup version 0.20-a0-504-g2c65edc (webtiles) character file.

352133 Geomchi the Convoker (level 22, -25/187 HPs)
             Began as a Human Summoner on Jan 14, 2017.
             Was the Champion of Sif Muna.
             Killed from afar by an electric golem (42 damage)
             ... with a bolt of lightning
             ... on level 1 of the Realm of Zot on Jan 21, 2017.
             The game lasted 03:46:31 (80416 turns).

Geomchi the Convoker (Human Summoner)              Turns: 80416, Time: 03:46:31

Health: -25/187    AC: 18    Str: 13      XL:     22   Next: 84%
Magic:  9/52       EV: 17    Int: 35 (36) God:    Sif Muna [******]
Gold:   1320       SH:  5    Dex: 14      Spells: 2/56 levels left

rFire    + . .     SeeInvis .   O - staff of summoning
rCold    . . .     Gourm    .   b - +4 troll leather armour
rNeg     . . .     Faith    .   G - +0 buckler
rPois    +         Spirit   .   e - +2 hat "Cerphes" {rPois Str+3 Int+2}
rElec    .         Reflect  .   J - +1 cloak of the Original Sin {rF+ Int+5}
rCorr    .         Harm     .   C - +0 pair of gloves
MR       ++...                  t - +2 pair of boots
Stlth    ++........             g - amulet of magic regeneration
Regen    0.9/turn               w - ring of magical power
                                K - ring of protection from magic

@: brilliant, dragon's call, aura of abjuration, slowed, repel missiles,
drained, divine energy, very slow
A: no striking features
}: 3/15 runes: decaying, serpentine, slimy
a: Stop Divine Energy, Channel Magic, Forget Spell, Renounce Religion


You were on level 1 of the Realm of Zot.
You worshipped Sif Muna.
Sif Muna was exalted by your worship.
You were not hungry.

You visited 10 branches of the dungeon, and saw 47 of its levels.
You also visited: Sewer.

You collected 5554 gold pieces.
You spent 4234 gold pieces at shops.

Inventory:

Hand Weapons
 u - the +7 rapier "Lano" {holy, +Fly MR+ MP+9}
   (You bought it in a shop on level 2 of the Orcish Mines)

   It has been blessed by the Shining One to cause great damage to the undead
   and demons.
   It affects your resistance to hostile enchantments.
   It affects your magic capacity (+9).
   It lets you fly.
 F - the +8 dagger of Hykot {holy, rElec SInv}
   (You bought it in a shop on level 2 of the Orcish Mines)

   It has been blessed by the Shining One to cause great damage to the undead
   and demons.
   It insulates you from electricity.
   It lets you see invisible.
Armour
 b - a +4 troll leather armour (worn)
 e - the +2 hat "Cerphes" (worn) {rPois Str+3 Int+2}
   (You acquired it on level 1 of the Depths)

   It affects your strength (+3).
   It affects your intelligence (+2).
   It protects you from poison.
 f - the +4 ring mail "Peisimni" {rPois rCorr Slay+3}
   (You found it on level 14 of the Dungeon)

   It affects your accuracy and damage with ranged weapons and melee attacks
   (+3).
   It protects you from poison.
   It protects you from acid and corrosion.
 t - a +2 pair of boots (worn)
 C - a +0 pair of gloves (worn)
 G - a +0 buckler (worn)
 J - the +1 cloak of the Original Sin (worn) {rF+ Int+5}
   (You found it on level 3 of the Depths)

   It affects your intelligence (+5).
   It protects you from fire.
Magical Staves
 E - an uncursed staff of power
 O - an uncursed staff of summoning (weapon)
Jewellery
 g - an amulet of magic regeneration (around neck)
 v - an uncursed ring of protection from fire
 w - a ring of magical power (right hand)
 K - a ring of protection from magic (left hand)
Wands
 Y - a wand of digging (6/24)
 Z - a wand of acid (7/15)
Scrolls
 d - 11 scrolls of teleportation
 h - 9 scrolls of recharging
 m - 5 scrolls of amnesia
 p - 2 scrolls of fear
 r - 19 scrolls of remove curse
 y - 4 scrolls of brand weapon
 z - a scroll of identify
 H - 3 scrolls of silence
 I - a scroll of holy word
 L - 7 scrolls of enchant weapon
 M - 8 scrolls of enchant armour
 N - 10 scrolls of magic mapping
 P - 2 scrolls of fog
 Q - 3 scrolls of blinking
 R - 2 scrolls of summoning
Potions
 i - a potion of resistance
 k - a potion of invisibility
 l - 5 potions of magic
 n - 15 potions of curing
 o - 8 potions of haste
 q - 4 potions of might
 s - 6 potions of flight
 x - 2 potions of brilliance
 A - 5 potions of ambrosia
 B - 2 potions of agility
 D - a potion of heal wounds
 V - 4 potions of cancellation
 W - a potion of cure mutation
Books
 a - a book of Necromancy

   Spells                             Type                      Level
   a - Pain                           Necromancy                   1
   b - Animate Skeleton               Necromancy                   1
   c - Vampiric Draining              Necromancy                   3
   d - Regeneration                   Charms/Necromancy            3
   e - Animate Dead                   Necromancy                   4
   f - Control Undead                 Necromancy                   4
 j - the Catalogue of Harmful Enchantment
   (You found it on level 5 of the Pits of Slime)

   Spells                             Type                      Level
   a - Throw Frost                    Conjuration/Ice              2
   b - Confuse                        Hexes                        3
   c - Spellforged Servitor           Conjuration/Summoning        7
 T - a book of Enchantments

   Spells                             Type                      Level
   a - Cause Fear                     Hexes                        4
   b - Yara's Violent Unravelling     Hexes/Transmutation          5
   c - Silence                        Hexes/Air                    5
   d - Deflect Missiles               Charms/Air                   6
   e - Discord                        Hexes                        8
 X - the Collected Works on Poisoning and Translocation
   (You found it on level 5 of the Pits of Slime)

   Spells                             Type                      Level
   a - Sting                          Conjuration/Poison           1
   b - Recall                         Summoning/Translocation      3
   c - Summon Forest                  Summoning/Translocation      5
   d - Controlled Blink               Translocation                8
Comestibles
 c - 10 bread rations {@e1}


   Skills:
 + Level 19.1(18.0) Fighting
 - Level 8.5(7.7) Armour
 - Level 10.1(9.2) Dodging
 - Level 2.0(1.3) Stealth
 - Level 4.0(3.3) Shields
 - Level 17.5(16.4) Spellcasting
 - Level 20.0(18.9) Summonings
 - Level 10.1(9.3) Translocations
   Level 4.0(3.3) Ice Magic
 - Level 3.2(2.4) Air Magic


You had 2 spell levels left.
You knew the following spells:

 Your Spells              Type           Power        Failure   Level  Hunger
a - Summon Demon          Summ           ########..   1%          5    None
b - Aura of Abjuration    Summ           ########..   1%          5    None
c - Call Canine Familiar  Summ           ########     0%          3    None
d - Malign Gateway        Summ/Tloc      ########..   1%          7    ####...
e - Dragon's Call         Summ           ########..   8%          9    #######
f - Repel Missiles        Chrm/Air       ######       1%          2    None
g - Blink                 Tloc           N/A          1%          2    None
h - Monstrous Menagerie   Summ           ########..   1%          7    ####...
j - Summon Horrible Thin  Summ           ########..   1%          8    #####..
x - Shadow Creatures      Summ           N/A          1%          6    None


Dungeon Overview and Level Annotations

Branches:
Dungeon (15/15)            Temple (1/1) D:6            Lair (6/6) D:11
  Swamp (4/4) Lair:2        Snake (4/4) Lair:3        Slime (5/5) Lair:6
    Orc (2/2) D:9             Elf (0/3) Orc:2        Vaults (4/5) D:14
  Crypt (0/3) Vaults:2     Depths (5/5) D:15            Zot (1/5) Depths:5

Altars:
Ashenzari
Cheibriados
Dithmenos
Elyvilon
Fedhas
Gozag
Hepliaklqana
Kikubaaqudgha
Makhleb
Nemelex Xobeh
Okawaru
Qazlal
Ru
Sif Muna
Trog
Uskayaw
Vehumet
Xom
Yredelemnul
Zin
The Shining One
Jiyva

Shops:
D:11 (   Orc:2 ([((   Snake:2 ?   Depths:1 ?!   Depths:2 ?   Depths:4 =}}}
Depths:5 (

Portals:
Hell: Depths:1 Depths:2 Depths:3 Depths:4 Depths:5
Abyss: Depths:2 Depths:4
Pandemonium: Depths:1 Depths:3
Ziggurat: Depths:5

Annotations:
Lair:5 exclusion: oklob plant
Snake:2 exclusion: Roxanne, Roxanne
Vaults:4 exclusion: orange crystal statue
Depths:4 exclusion: 2 oklob plants
Depths:5 1 runed door


Message History

The electric golem blinks!
The death cob hits you but does no damage.
The soul eater draws from the surrounding life force!
* * * LOW HITPOINT WARNING * * *
The soul eater is healed.
The green draconian skeleton hits you but does no damage.
The green draconian skeleton tail-slaps you but does no damage.
Your large abomination hits the bone dragon!
The death cob closely misses you.
You take 13 damage, and have 16/187 hp.
You now have 14/52 mp.
Okay, then.
You blink.
A shadow dragon comes into view.
A dragon arrives to answer your call!
Your quicksilver dragon bites the curse toe!
The curse toe is destroyed!
Sif Muna accepts your kill.
The electric golem hurls lightning at you.
The bolt of lightning hits you!
You die...

#### #..
.... #..
... #..
.8##!D#
.....## .#
.....##
.###.....#
..##@.#
#X...##
#.§3## .
#3z# ...
#..##..#
#DZ.D..#
##DXD÷..#
######..#
.


You could see an electric golem, a shadow dragon, a tentacled monstrosity, a
death cob, 2 soul eaters, a green draconian skeleton and a friendly quicksilver
dragon.

Vanquished Creatures
  Grinder (D:6)
  Menkaure (D:6)
  A swamp worm (Swamp:3)
  A wight (D:8)
  An orc wizard (D:11)
  A howler monkey skeleton (D:7)
  A giant cockroach (D:4)
  A rat (D:1)
8 creatures vanquished.

Vanquished Creatures (collateral kills)
  the Royal Jelly (Slime:5)
  2 juggernauts
  Mara (Swamp:4)
  Mennas (Depths:4)
  the Lernaean hydra (Swamp:4)
  Vashnia (Snake:2)
  A curse toe (Zot:1)
  4 caustic shrikes (Depths:4)
  3 golden dragons (Depths:3)
  2 bone dragons
  A tentacled monstrosity (Depths:3)
  Rupert (Lair:3)
  2 liches
  The ghost of RumaTero the Warrior, an adept DsBe of Trog (Vaults:2)
  2 quicksilver dragons (Depths:3)
  35 acid blobs
  The ghost of Slacking101 the Severer, an adept HOFi of Beogh (Snake:4)
  3 sphinxes
  The ghost of GordonOverkill the Warrior, an adept DsAK of Lugonu (Depths:1)
  4 thorn hunters
  4 storm dragons
  Frances (Snake:1)
  3 shadow dragons
  The ghost of newbie the Bludgeoner, a journeyman OgBe of Trog (D:14)
  5 fire giants
  5 nagarajas (Snake:4)
  8 frost giants
  5 deep elf sorcerers
  24 azure jellies
  Louise (Snake:1)
  3 iron dragons
  A balrug (Depths:3)
  A ghoul (Vaults:4)
  16 ironheart preservers
  9 vault wardens
  An orc warlord (Vaults:1)
  Aizul (Depths:2)
  4 draconian stormcallers (Depths:5)
  5 spriggan defenders
  A reaper (Depths:3)
  11 stone giants
  A draconian annihilator (Depths:5)
  22 very ugly things
  4 entropy weavers
  7 deep elf demonologists
  A vampire knight (Depths:4)
  3 purple draconians (Depths:5)
  12 spark wasps
  5 deep elf annihilators
  Snorg (Orc:2)
  A merfolk impaler (Depths:4)
  A blizzard demon (Depths:3)
  3 deep elf death magi
  7 ettins
  Josephine (Lair:6)
  9 yaktaur captains
  7 ice dragons
  8 fire dragons
  6 deep elf high priests
  Harold (Lair:2)
  21 death oozes
  4 rakshasas
  14 great orbs of eyes
  Fannar (Orc:1)
  31 hydras
  4 spriggan air magi
  17 anacondas
  8 centaur warriors
  Erica (D:10)
  2 ghost crabs (Swamp:4)
  4 catoblepae
  A hell beast (Depths:1)
  16 naga warriors
  5 vault guards
  16 alligators
  3 death knights
  13 ogre magi
  37 two-headed ogres
  6 deep troll shamans
  A vampire mage (Vaults:2)
  7 deep troll earth magi
  26 naga sharpshooters
  16 tengu warriors
  12 death yaks
  10 shock serpents
  11 spriggan berserkers
  Urug (D:14)
  17 deep elf knights
  4 sun demons
  8 soul eaters
  15 spriggans
  A shadow wraith (Vaults:2)
  A small abomination (Depths:3)
  3 iron trolls (Depths:4)
  2 quicksilver dragon simulacra (Depths:3)
  2 sea snakes (Snake:4)
  24 deep trolls
  2 spriggan druids (Swamp:4)
  2 unseen horrors
  12 hell knights
  7 skeletal warriors
  10 swamp dragons
  7 wizards
  6 flayed ghosts
  9 glowing orange brains
  11 deep elf archers
  6 shambling mangroves
  15 naga ritualists
  28 deep elf magi
  A phantasmal warrior (Vaults:1)
  15 orc knights
  A harpy (shapeshifter) (Vaults:1)
  19 ironbrand convokers
  6 harpies
  A tengu skeleton (Vaults:1)
  8 necromancers
  A lindwurm (Lair:6)
  12 mana vipers
  3 orc sorcerers
  A faun (shapeshifter) (Depths:1)
  2 wolf spiders (Vaults:1)
  A cyclops (shapeshifter) (Depths:1)
  7 cyclopes
  A fire giant zombie (Depths:1)
  A salamander (shapeshifter) (Vaults:1)
  3 manticores
  A frost giant zombie (Vaults:2)
  31 ugly things
  3 shining eyes
  A moth of wrath (shapeshifter) (Vaults:1)
  3 elephants (Lair:6)
  6 salamanders
  An ice statue (Depths:3)
  A black mamba (shapeshifter) (Depths:3)
  27 naga magi
  2 guardian serpents (shapeshifter)
  A stone giant skeleton (Depths:1)
  Psyche (D:12)
  49 black mambas
  4 guardian serpents
  9 rust devils
  An eye of devastation (Slime:5)
  11 vault sentinels
  A spiny frog (shapeshifter) (D:13)
  A gargoyle (D:15)
  A yellow draconian zombie (Zot:1)
  30 spiny frogs
  2 torpor snails
  7 komodo dragons
  5 rime drakes
  61 yaktaurs
  4 kobold demonologists (D:15)
  A yaktaur zombie (Vaults:2)
  8 freezing wraiths
  3 ice devils
  7 tengu conjurers
  3 red devils (Depths:3)
  A meliai (D:15)
  8 trolls
  8 tyrant leeches
  A polar bear (shapeshifter) (Depths:3)
  A hornet (shapeshifter) (Vaults:1)
  32 hornets
  111 slime creatures
  A polar bear (Lair:6)
  24 blink frogs
  A wolf spider simulacrum (D:15)
  9 bog bodies
  A stone giant simulacrum (Vaults:1)
  7 hippogriffs
  6 dream sheep
  A meliai zombie (D:14)
  A redback (shapeshifter) (Vaults:3)
  An ettin skeleton (Vaults:2)
  21 redbacks
  4 vampires
  7 shadows
  68 yaks
  5 air elementals
  6 wyverns
  3 water elementals (Depths:4)
  16 humans (D:14)
  15 wraiths
  A tarantella (Vaults:2)
  A golden eye (shapeshifter) (Vaults:2)
  3 basilisks
  9 golden eyes
  A steam dragon (Lair:5)
  19 vampire mosquitoes
  A redback simulacrum (D:15)
  2 hungry ghosts
  13 swamp worms
  17 insubstantial wisps
  4 wargs
  65 nagas
  A soldier ant (D:14)
  3 acid dragons
  2 human zombies
  2 floating eyes
  21 water moccasins
  5 hell hounds
  8 porcupines
  Duvessa (D:6)
  A floating eye (shapeshifter) (Vaults:4)
  A hornet zombie (D:14)
  13 swamp drakes
  5 ettin simulacra (Depths:3)
  53 orc warriors
  2 black bears
  2 ice beasts
  2 phantoms
  9 eyes of draining
  6 sky beasts
  A necrophage (D:6)
  31 ogres
  11 boggarts
  25 centaurs
  8 crocodiles
  19 bullfrogs
  Blork the orc (D:6)
  10 big kobolds
  2 wyvern zombies
  2 human skeletons (Vaults:1)
  4 human simulacra
  2 scorpions
  3 killer bees (D:9)
  An elf simulacrum (Vaults:1)
  23 wights
  5 howler monkeys
  An electric eel (Lair:5)
  5 crimson imps
  A quasit (D:9)
  3 bullfrog zombies
  4 centaur zombies
  14 jellies
  A bullfrog skeleton (D:11)
  7 hounds
  22 orc wizards
  19 orc priests
  Jessica (D:3)
  5 iguanas
  15 worker ants
  A killer bee zombie (D:7)
  2 hound zombies
  2 hound skeletons (D:9)
  A worker ant zombie (D:7)
  8 gnolls
  15 adders
  5 shadow imps
  3 white imps
  15 oozes
  2 adder skeletons
  2 adder zombies (D:6)
  4 worms
  2 dart slugs
  9 leopard geckos
  89 orcs
  9 ball pythons
  3 giant cockroaches (Sewer)
  10 goblins
  11 hobgoblins
  12 jackals
  41 kobolds
  8 quokkas
  9 bats
  4 frilled lizards
  A jackal zombie (D:5)
  3 rats
  3 briar patches (Swamp:4)
  7 fungi
  A plant (Swamp:1)
2287 creatures vanquished.

Vanquished Creatures (others)
  17 eldritch tentacles
  A tengu reaver (Depths:4)
  A stone giant (Depths:2)
  A red draconian (Depths:5)
  A tengu warrior (Depths:3)
  A komodo dragon (Swamp:4)
  A hornet (Swamp:4)
  A vampire (Vaults:2)
  A swamp drake (Swamp:4)
  35 fungi
  28 plants
88 creatures vanquished.

Grand Total: 2383 creatures vanquished

Notes
Turn   | Place    | Note
-------+----------+-------------------------------------------
     0 | D:1      | Geomchi the Human Summoner began the quest for the Orb.
     0 | D:1      | Reached XP level 1. HP: 13/13 MP: 3/3
   309 | D:1      | Reached XP level 2. HP: 19/19 MP: 0/5
   313 | D:1      | Learned a level 2 spell: Call Imp
  1595 | D:1      | Reached XP level 3. HP: 24/24 MP: 1/7
  1600 | D:1      | Learned a level 3 spell: Call Canine Familiar
  2613 | D:2      | Reached XP level 4. HP: 25/30 MP: 2/8
  2928 | D:2      | Found an iron altar of Okawaru.
  3397 | D:3      | Noticed Jessica
  3402 | D:3      | Killed Jessica
  3639 | D:3      | Reached XP level 5. HP: 35/35 MP: 2/10
  4430 | D:4      | Reached skill level 5 in Summonings
  4730 | D:4      | Found a glowing drain.
  4773 | Sewer    | Entered a sewer
  4974 | Sewer    | Noticed a big kobold
  4988 | Sewer    | Reached XP level 6. HP: 34/41 MP: 4/12
  5007 | Sewer    | Learned a level 4 spell: Summon Ice Beast
  5890 | D:4      | Reached skill level 1 in Ice Magic
  6151 | D:4      | Noticed a hungry ghost
  6168 | D:4      | Killed a hungry ghost
  6168 | D:4      | Reached XP level 7. HP: 35/46 MP: 3/14
  6773 | D:5      | Entered Level 5 of the Dungeon
  6777 | D:5      | Found a shadowy altar of Dithmenos.
  7672 | D:5      | Reached skill level 5 in Spellcasting
  7672 | D:5      | Reached skill level 6 in Summonings
  8272 | D:6      | Noticed Menkaure
  8555 | D:6      | Killed Menkaure
  8643 | D:6      | Noticed Duvessa
  8660 | D:6      | Killed Duvessa
  8863 | D:6      | Reached XP level 8. HP: 52/52 MP: 9/16
  8878 | D:6      | Noticed Grinder
  8928 | D:6      | Paralysed by Grinder for 2 turns
  8934 | D:6      | Killed Grinder
  9295 | D:6      | Found a staircase to the Ecumenical Temple.
  9323 | Temple   | Entered the Ecumenical Temple
  9505 | Temple   | Became a worshipper of Sif Muna the Loreminder
  9541 | D:6      | Found an ancient bone altar of Kikubaaqudgha.
  9542 | D:6      | Found a bloodstained altar of Trog.
  9542 | D:6      | Found a snail-covered altar of Cheibriados.
  9544 | D:6      | Found a stormy altar of Qazlal.
  9675 | D:6      | Noticed Blork the orc
  9687 | D:6      | Killed Blork the orc
  9695 | D:6      | Learned a level 4 spell: Summon Lightning Spire
 10417 | D:7      | Noticed a wraith
 10418 | D:7      | Reached skill level 7 in Summonings
 10460 | D:7      | Killed a wraith
 10460 | D:7      | Reached skill level 1 in Air Magic
 10796 | D:7      | Reached * piety under Sif Muna
 11105 | D:7      | Reached XP level 9. HP: 35/57 MP: 18/18
 11831 | D:8      | Reached skill level 8 in Summonings
 12062 | D:8      | Noticed a two-headed ogre
 12075 | D:8      | Killed a two-headed ogre
 12075 | D:8      | Reached ** piety under Sif Muna
 12979 | D:9      | Found a staircase to the Orcish Mines.
 13030 | D:9      | Reached skill level 9 in Summonings
 13536 | D:9      | Found a basalt altar of Yredelemnul.
 13649 | D:9      | Noticed a two-headed ogre
 13656 | D:9      | Killed a two-headed ogre
 13656 | D:9      | Reached *** piety under Sif Muna
 13656 | D:9      | Reached XP level 10. HP: 63/63 MP: 22/22
 13765 | D:9      | Found a glowing silver altar of Zin.
 13766 | D:9      | Noticed an angel
 14612 | D:10     | Entered Level 10 of the Dungeon
 14632 | D:10     | Noticed a two-headed ogre
 14638 | D:10     | Killed a two-headed ogre
 14638 | D:10     | Reached skill level 10 in Summonings
 14916 | D:10     | Noticed Erica
 14939 | D:10     | Killed Erica
 14939 | D:10     | Reached skill level 1 in Shields
 14943 | D:10     | Learned a level 2 spell: Repel Missiles
 14947 | D:10     | Learned a level 2 spell: Blink
 15561 | D:11     | Noticed a cyclops
 16120 | D:11     | Noticed a purple ugly thing
 16128 | D:11     | Killed a purple ugly thing
 16205 | D:11     | Reached skill level 1 in Translocations
 16223 | D:11     | Killed a cyclops
 16223 | D:11     | Reached **** piety under Sif Muna
 16403 | D:11     | Noticed a red ugly thing
 16430 | D:11     | Killed a red ugly thing
 16693 | D:11     | Noticed a cyclops
 16712 | D:11     | Killed a cyclops
 16712 | D:11     | Reached XP level 11. HP: 78/78 MP: 23/23
 16819 | D:11     | Noticed a skeletal warrior
 16877 | D:11     | Reached skill level 5 in Fighting
 17057 | D:11     | Noticed a skeletal warrior
 17089 | D:11     | Killed a skeletal warrior
 17162 | D:11     | Found a staircase to the Lair.
 17165 | D:11     | Noticed a skeletal warrior
 17196 | D:11     | Killed a skeletal warrior
 17198 | D:11     | Noticed a skeletal warrior
 17204 | D:11     | Killed a skeletal warrior
 17270 | D:11     | Killed a skeletal warrior
 17401 | D:11     | Found Zeedohez's Antique Weapon Emporium.
 17644 | Lair:1   | Entered Level 1 of the Lair of Beasts
 18543 | Lair:1   | Noticed a seven-headed hydra
 18550 | Lair:1   | Killed a seven-headed hydra
 19756 | Lair:2   | Noticed Harold
 19765 | Lair:2   | Killed Harold
 20231 | Lair:2   | Found a staircase to the Swamp.
 20789 | Lair:3   | Noticed Rupert
 20804 | Lair:3   | Killed Rupert
 20804 | Lair:3   | Reached skill level 10 in Fighting
 20804 | Lair:3   | Reached XP level 12. HP: 83/97 MP: 24/24
 21042 | Lair:3   | Reached skill level 11 in Summonings
 21065 | Lair:3   | Reached ***** piety under Sif Muna
 21630 | Lair:3   | Found a staircase to the Snake Pit.
 22837 | Lair:4   | Identified Sif Muna's Grimoire of Translocation and Flames (Sif Muna gifted it to you on level 4 of the Lair of Beasts)
 22837 | Lair:4   | Received a gift from Sif Muna
 23870 | Lair:5   | Noticed an eight-headed hydra
 23881 | Lair:5   | Killed an eight-headed hydra
 24208 | Lair:5   | Noticed a seven-headed hydra
 24218 | Lair:5   | Killed a seven-headed hydra
 24318 | Lair:5   | Reached skill level 10 in Spellcasting
 24359 | Lair:5   | Reached skill level 12 in Summonings
 24834 | Lair:5   | Noticed a death yak
 24839 | Lair:5   | Noticed a death yak
 24848 | Lair:5   | Noticed a death yak
 24849 | Lair:5   | Killed a death yak
 24850 | Lair:5   | Noticed a death yak
 25087 | Lair:5   | Killed a death yak
 25089 | Lair:5   | Killed a death yak
 25089 | Lair:5   | Reached XP level 13. HP: 103/103 MP: 20/27
 25177 | Lair:5   | Noticed an ice dragon
 25220 | Lair:5   | Killed an ice dragon
 25972 | Lair:4   | Noticed a catoblepas
 25996 | Lair:4   | Killed a catoblepas
 26333 | Lair:6   | Entered Level 6 of the Lair of Beasts
 26549 | Lair:6   | Noticed a five-headed hydra
 26555 | Lair:6   | Killed a five-headed hydra
 26622 | Lair:6   | Noticed a six-headed hydra
 26629 | Lair:6   | Killed a six-headed hydra
 26944 | Lair:6   | Noticed a catoblepas
 26991 | Lair:6   | Killed a catoblepas
 27156 | Lair:6   | Noticed a catoblepas
 27175 | Lair:6   | Killed a catoblepas
 27175 | Lair:6   | Reached skill level 5 in Dodging
 27981 | Lair:6   | Noticed a catoblepas
 27999 | Lair:6   | Killed a catoblepas
 28327 | Lair:6   | Found a runed door.
 28330 | Lair:6   | Found a viscous altar of Jiyva.
 28330 | Lair:6   | Found a staircase to the Slime Pits.
 28336 | Lair:6   | Noticed an eight-headed hydra
 28357 | Lair:6   | Killed an eight-headed hydra
 28438 | Lair:6   | Noticed a four-headed hydra
 28448 | Lair:6   | Killed a four-headed hydra
 28519 | Lair:6   | Noticed Josephine
 28519 | Lair:6   | Identified Sif Muna's Tome of the Entourage (Sif Muna gifted it to you on level 6 of the Lair of Beasts)
 28519 | Lair:6   | Received a gift from Sif Muna
 28556 | Lair:6   | Killed Josephine
 28600 | Lair:6   | Learned a level 5 spell: Summon Demon
 28608 | Lair:6   | Learned a level 7 spell: Monstrous Menagerie
 29028 | Lair:6   | Noticed a four-headed hydra
 29035 | Lair:6   | Killed a four-headed hydra
 29807 | Orc:1    | Entered Level 1 of the Orcish Mines
 29813 | Orc:1    | Reached XP level 14. HP: 115/115 MP: 28/28
 30030 | Orc:1    | Noticed Fannar
 30037 | Orc:1    | Killed Fannar
 30321 | Orc:2    | Entered Level 2 of the Orcish Mines
 30326 | Orc:2    | Noticed Snorg
 30333 | Orc:2    | Killed Snorg
 30661 | Orc:2    | Reached skill level 13 in Summonings
 30916 | Orc:2    | Found a staircase to the Elven Halls.
 31253 | Orc:2    | Found Bawah's Antique Weapon Boutique.
 31253 | Orc:2    | Found Xoelar's Armour Shoppe.
 31255 | Orc:2    | Found Ceulaasi's Antique Weapon Emporium.
 31257 | Orc:2    | Found Pouq's Weapon Shop.
 31273 | Orc:2    | Bought an ivory dagger for 210 gold pieces
 31275 | Orc:2    | Identified the +8 dagger of Hykot {holy, rElec SInv} (You bought it in a shop on level 2 of the Orcish Mines)
 31279 | Orc:2    | Bought the +7 rapier "Lano" {holy, +Fly MR+ MP+9} for 853 gold pieces
 31724 | D:12     | Identified Sif Muna's Disquisition on Doomed Confrontation (Sif Muna gifted it to you on level 12 of the Dungeon)
 31724 | D:12     | Received a gift from Sif Muna
 32748 | D:12     | Noticed Psyche
 32758 | D:12     | Killed Psyche
 33107 | D:12     | Learned a level 6 spell: Shadow Creatures
 34148 | D:13     | HP: 1/115 [sixfirhy[the player character] (10)]
 35278 | D:14     | Found a gate to the Vaults.
 35278 | D:14     | Noticed Urug
 35622 | D:14     | Found a shattered altar of Ashenzari.
 35765 | D:14     | Noticed newbie's ghost (journeyman OgBe)
 35783 | D:14     | Killed newbie's ghost
 35973 | D:14     | Killed Urug
 35984 | D:14     | Got a diamond-encrusted ring mail
 35995 | D:14     | Identified the +4 ring mail "Peisimni" {rPois rCorr Slay+3} (You found it on level 14 of the Dungeon)
 36205 | D:14     | Reached skill level 1 in Armour
 36551 | D:14     | Reached skill level 14 in Summonings
 36958 | Snake:1  | Entered Level 1 of the Snake Pit
 37022 | Snake:1  | Received a gift from Sif Muna
 37440 | Snake:1  | Noticed Frances
 37454 | Snake:1  | Killed Frances
 38227 | Snake:2  | Reached XP level 15. HP: 121/121 MP: 31/31
 38254 | Snake:2  | Found a stormy altar of Qazlal.
 38255 | Snake:2  | Noticed Roxanne
 38291 | Snake:2  | Found Yfext's Magic Scroll Emporium.
 38296 | Snake:2  | Noticed Vashnia
 38475 | Snake:2  | Noticed Louise
 38494 | Snake:1  | Killed Louise
 39066 | Snake:2  | Bought a scroll of teleportation for 45 gold pieces
 39066 | Snake:2  | Bought a scroll of teleportation for 45 gold pieces
 39066 | Snake:2  | Bought a scroll of teleportation for 45 gold pieces
 39066 | Snake:2  | Bought a scroll of magic mapping for 52 gold pieces
 39066 | Snake:2  | Bought a scroll of fog for 30 gold pieces
 39066 | Snake:2  | Bought a scroll of teleportation for 45 gold pieces
 39252 | Snake:2  | Killed Vashnia
 40002 | Snake:2  | Reached skill level 15 in Summonings
 40951 | Snake:3  | HP: 4/123 [anaconda (3)]
 42304 | Snake:3  | Reached skill level 5 in Armour
 42896 | Snake:4  | Entered Level 4 of the Snake Pit
 43286 | Snake:4  | Noticed Slacking101's ghost (adept HOFi)
 43629 | Snake:4  | Reached XP level 16. HP: 130/130 MP: 32/32
 43751 | Snake:4  | Identified Sif Muna's Disquisition on Creative Bewitchment (Sif Muna gifted it to you on level 4 of the Snake Pit)
 43751 | Snake:4  | Received a gift from Sif Muna
 43771 | Snake:4  | Learned a level 5 spell: Aura of Abjuration
 43785 | Snake:4  | Found a runed gate.
 43785 | Snake:4  | Found a runed gate.
 43785 | Snake:4  | Found a runed gate.
 44106 | Snake:4  | Killed Slacking101's ghost
 45127 | Snake:4  | Noticed a nagaraja
 45132 | Snake:4  | Killed a nagaraja
 45140 | Snake:4  | Noticed a nagaraja
 45152 | Snake:4  | Killed a nagaraja
 45328 | Snake:4  | Noticed a nagaraja
 45338 | Snake:4  | Killed a nagaraja
 45348 | Snake:4  | Got a serpentine rune of Zot
 45348 | Snake:4  | Reached skill level 10 in Dodging
 45485 | Snake:4  | Noticed a nagaraja
 45503 | Snake:4  | Killed a nagaraja
 45692 | Snake:4  | Noticed a nagaraja
 45718 | Snake:4  | Killed a nagaraja
 46566 | Vaults:1 | Entered Level 1 of the Vaults
 47557 | Vaults:1 | Got a warped cloak
 47563 | Vaults:1 | Identified the +1 cloak of the Moon Troll {Int+2} (You found it on level 1 of the Vaults)
 47834 | Vaults:1 | Reached XP level 17. HP: 136/136 MP: 34/34
 47837 | Vaults:1 | Identified Sif Muna's Catalogue of Ghastly Intoxication (Sif Muna gifted it to you on level 1 of the Vaults)
 47837 | Vaults:1 | Received a gift from Sif Muna
 48352 | Vaults:1 | Reached skill level 16 in Summonings
 48397 | Vaults:1 | Noticed a Tzitzimitl
 49345 | Vaults:2 | Identified Sif Muna's Tome of Summoning (Sif Muna gifted it to you on level 2 of the Vaults)
 49345 | Vaults:2 | Received a gift from Sif Muna
 49785 | Vaults:2 | Found a staircase to the Crypt.
 50445 | Vaults:2 | Noticed an Ice Fiend
 50470 | Vaults:2 | Noticed RumaTero's ghost (adept DsBe)
 50982 | Vaults:2 | Killed RumaTero's ghost
 51512 | Vaults:2 | Identified Caheif's Volume of Boosting Air (Sif Muna gifted it to you on level 2 of the Vaults)
 51512 | Vaults:2 | Received a gift from Sif Muna
 52165 | Vaults:3 | Reached skill level 17 in Summonings
 52239 | Vaults:3 | Noticed a lich
 52241 | Vaults:3 | Killed a lich
 52515 | Vaults:3 | Reached XP level 18. HP: 136/143 MP: 10/36
 52657 | Vaults:3 | Learned a level 8 spell: Summon Horrible Things
 52900 | Vaults:3 | Reached skill level 15 in Spellcasting
 53584 | Vaults:3 | Identified Xairr's Compendium of Lethal Intoxication (Sif Muna gifted it to you on level 3 of the Vaults)
 53584 | Vaults:3 | Received a gift from Sif Muna
 54550 | Vaults:3 | Learned a level 7 spell: Malign Gateway
 55523 | Vaults:4 | Reached skill level 18 in Summonings
 55810 | Vaults:4 | Received a gift from Sif Muna
 56151 | Vaults:4 | Reached skill level 5 in Translocations
 56154 | Vaults:4 | Paralysed by a floating eye for 2 turns
 56501 | Vaults:4 | Noticed a Brimstone Fiend
 56504 | Vaults:4 | Noticed a Hell Sentinel
 56630 | Vaults:3 | Upgraded the game from 0.20-a0-471-g521e6c5 to 0.20-a0-490-g2d938b1
 56630 | Vaults:3 | Upgraded the game from 0.20-a0-490-g2d938b1 to 0.20-a0-494-gf50ee04
 56884 | Vaults:4 | Reached XP level 19. HP: 151/151 MP: 16/38
 58330 | Swamp:1  | Entered Level 1 of the Swamp
 59883 | Swamp:2  | Got a translucent ring mail
 59952 | Swamp:2  | Identified the +6 ring mail of Ryt Zaipt {MR+ Str+5} (You found it on level 2 of the Swamp)
 61130 | Swamp:3  | Received a gift from Sif Muna
 61940 | Swamp:4  | Entered Level 4 of the Swamp
 61981 | Swamp:4  | Noticed Mara
 61989 | Swamp:4  | Noticed Geomchi's illusion
 62001 | Swamp:4  | Killed Mara
 62651 | Swamp:4  | Reached skill level 15 in Fighting
 62709 | Swamp:4  | Noticed the 27-headed Lernaean hydra
 62722 | Swamp:4  | Killed the 26-headed Lernaean hydra
 63138 | Swamp:4  | Got a decaying rune of Zot
 63291 | Swamp:4  | Reached ****** piety under Sif Muna
 63604 | D:15     | Entered Level 15 of the Dungeon
 63897 | D:15     | Reached skill level 10 in Translocations
 64251 | D:15     | Received a gift from Sif Muna
 64367 | D:15     | Found a staircase to the Depths.
 64859 | Depths:1 | Entered Level 1 of the Depths
 64920 | Depths:1 | Found a gateway to Hell.
 64925 | Depths:1 | Reached XP level 20. HP: 162/162 MP: 39/39
 64926 | Depths:1 | Noticed GordonOverkill's ghost (adept DsAK)
 64952 | Depths:1 | Killed GordonOverkill's ghost
 65618 | Depths:1 | Found Orghevupt's Magic Scroll Boutique.
 65626 | Depths:1 | Bought a scroll of acquirement for 832 gold pieces
 65626 | Depths:1 | Bought a scroll of acquirement for 832 gold pieces
 65632 | Depths:1 | Got a translucent helmet
 65643 | Depths:1 | Identified the +1 helmet of Surprise {rPois rN+ MP-9 Dex+3} (You acquired it on level 1 of the Depths)
 65655 | Depths:1 | Got a twisted hat
 65666 | Depths:1 | Identified the +2 hat "Cerphes" {rPois Str+3 Int+2} (You acquired it on level 1 of the Depths)
 66136 | Depths:1 | Found Zaheqov's Distillery.
 66141 | Depths:1 | Bought a potion of curing for 45 gold pieces
 66141 | Depths:1 | Bought a potion of haste for 150 gold pieces
 66141 | Depths:1 | Bought a potion of heal wounds for 75 gold pieces
 66141 | Depths:1 | Bought a potion of haste for 150 gold pieces
 66141 | Depths:1 | Bought 2 potions of heal wounds for 150 gold pieces
 66141 | Depths:1 | Bought a potion of curing for 45 gold pieces
 66141 | Depths:1 | Bought a potion of curing for 45 gold pieces
 66141 | Depths:1 | Bought a potion of curing for 45 gold pieces
 66141 | Depths:1 | Bought a potion of curing for 45 gold pieces
 66337 | Depths:1 | Found a one-way gate leading to the halls of Pandemonium.
 67054 | Depths:2 | Found Noetyxee's Magic Scroll Shoppe.
 67129 | Depths:2 | Found a gateway to Hell.
 67130 | Depths:2 | Noticed Aizul
 67138 | Depths:2 | Killed Aizul
 67404 | Depths:2 | Gained mutation: You have sharp toenails. [potion of beneficial mutation]
 67410 | Depths:2 | Found a one-way gate to the infinite horrors of the Abyss.
 67413 | Depths:2 | Paralysed by a great orb of eyes for 5 turns
 67659 | Depths:3 | Noticed a bone dragon
 67675 | Depths:3 | Killed a bone dragon
 68034 | Depths:1 | Identified Sif Muna's Almanac of Transformation and Air (Sif Muna gifted it to you on level 1 of the Depths)
 68034 | Depths:1 | Received a gift from Sif Muna
 69014 | Depths:3 | Reached skill level 19 in Summonings
 69141 | Depths:3 | Found a burning altar of Makhleb.
 69326 | Depths:3 | Noticed a juggernaut
 69527 | Depths:3 | Found a deep blue altar of Sif Muna.
 69536 | Depths:3 | Noticed a golden dragon
 69544 | Depths:3 | Noticed a golden dragon
 69549 | Depths:3 | Killed a golden dragon
 69705 | Depths:3 | Identified Sif Muna's Catalogue of Bewitching Summoning (Sif Muna gifted it to you on level 3 of the Depths)
 69705 | Depths:3 | Received a gift from Sif Muna
 69709 | Depths:3 | Killed a golden dragon
 69768 | Depths:3 | Found a shadowy altar of Dithmenos.
 69963 | Depths:3 | Noticed a tentacled monstrosity
 69967 | Depths:3 | Killed a tentacled monstrosity
 69977 | Depths:3 | Reached XP level 21. HP: 139/168 MP: 15/41
 70509 | Depths:3 | Killed a juggernaut
 70746 | Depths:2 | Bought 3 scrolls of blinking for 495 gold pieces
 71306 | Depths:3 | Noticed a golden dragon
 71315 | Depths:3 | Killed a golden dragon
 71467 | Depths:3 | Got a polished cloak
 71468 | Depths:3 | Identified the +1 cloak of the Original Sin {rF+ Int+5} (You found it on level 3 of the Depths)
 71599 | Depths:3 | Found a sparkling altar of Nemelex Xobeh.
 71718 | Depths:3 | Upgraded the game from 0.20-a0-494-gf50ee04 to 0.20-a0-502-g555d78b
 71930 | Depths:4 | Noticed Mennas
 71957 | Depths:4 | Noticed a caustic shrike
 71958 | Depths:4 | Noticed a caustic shrike
 71959 | Depths:4 | Noticed a caustic shrike
 71962 | Depths:4 | Noticed a caustic shrike
 72106 | Depths:4 | Killed a caustic shrike
 72109 | Depths:4 | Killed a caustic shrike
 72110 | Depths:4 | Killed a caustic shrike
 72113 | Depths:4 | Killed a caustic shrike
 72113 | Depths:4 | Reached skill level 20 in Summonings
 72555 | Depths:4 | Identified Sif Muna's Grimoire of the Hurtful Birds (Sif Muna gifted it to you on level 4 of the Depths)
 72555 | Depths:4 | Received a gift from Sif Muna
 72940 | Depths:4 | Found Sofaithy's Quality Used Wands.
 73619 | Depths:4 | Found Ishriaseo's Jewellery Boutique.
 73619 | Depths:4 | Found Liewnem's Gadget Shoppe.
 73620 | Depths:4 | Found Tanueb's Gadget Shoppe.
 73899 | Depths:5 | Entered Level 5 of the Depths
 74260 | Depths:4 | Killed Mennas
 74379 | Depths:5 | Found a gateway to a ziggurat.
 74793 | Depths:5 | Reached XP level 22. HP: 152/180 MP: 43/43
 74926 | Depths:5 | Noticed a bone dragon
 74931 | Depths:5 | Killed a bone dragon
 75089 | Depths:5 | Found Xocaj's Antique Weapon Emporium.
 75151 | Depths:5 | Found a gate to the Realm of Zot.
 75182 | Depths:5 | Identified Sif Muna's Compendium of Entrancing Battle Magic
 75547 | Depths:5 | Found a runed door.
 75637 | Depths:5 | Noticed a juggernaut
 75644 | Depths:5 | Killed a juggernaut
 76383 | Slime:1  | Entered Level 1 of the Pits of Slime
 76490 | Slime:2  | Gained mutation: You occasionally shout uncontrollably at your foes. [a shining eye]
 76849 | Slime:5  | Entered Level 5 of the Pits of Slime
 76865 | Slime:5  | Gained mutation: Your spells are a little easier to cast, but a little less powerful. [a shining eye]
 77003 | Slime:5  | Noticed the Royal Jelly
 78136 | Vaults:3 | Learned a level 9 spell: Dragon's Call
 78920 | Slime:5  | Paralysed by a floating eye for 4 turns
 79027 | Slime:5  | Found a viscous altar of Jiyva.
 79081 | Slime:5  | Killed the Royal Jelly
 79434 | Slime:5  | Got a slimy rune of Zot
 79459 | Slime:5  | Identified the Catalogue of Harmful Enchantment
 79471 | Slime:5  | Got a glittering silver ring
 79525 | Slime:5  | Identified the Collected Works on Poisoning and Translocation
 79528 | Slime:5  | Identified the ring "Uneseer" {rElec rPois Dex-3 Stlth+} (You found it on level 5 of the Pits of Slime)
 79572 | Slime:5  | Lost mutation: You have sharp toenails. [potion of cure mutation]
 79572 | Slime:5  | Lost mutation: You occasionally shout uncontrollably at your foes. [potion of cure mutation]
 79572 | Slime:5  | Lost mutation: Your spells are a little easier to cast, but a little less powerful. [potion of cure mutation]
 80162 | Zot:1    | Entered Level 1 of the Realm of Zot
 80162 | Zot:1    | Noticed a curse toe
 80162 | Zot:1    | Noticed a bone dragon
 80404 | Depths:5 | Upgraded the game from 0.20-a0-502-g555d78b to 0.20-a0-504-g2c65edc
 80416 | Zot:1    | Killed a curse toe
 80416 | Zot:1    | Killed from afar by an electric golem

Vault maps used:
D:1:      onia_arrival_pyramid
D:2:      okawaru_altar_gauntlet_db, first_bread
D:3:      uniq_jessica
D:4:      portal_sewer_entry_f
D:5:      basic_altar
D:6:      grunt_temple_overflow_open, uniq_grinder, uniq_duvessa,
          uniq_blork_the_orc, uniq_menkaure
D:9:      zin_angel, lemuel_round_altar, erik_orc_3, minivault_23
D:10:     lemuel_slime, uniq_erica
D:11:     lair_entry_dummy, serial_shops, shop_fountains
D:12:     hangedman_ranch, uniq_psyche
D:13:     serial_co_window_serial, co_window_paths_a, co_window_paths_b,
          co_window_corner_a, co_window_of_opportunity_a, co_window_corner_a,
          co_window_of_opportunity_a, co_window_paths_b, co_window_broadway_c,
          co_window_2corner, co_window_broadway_c, co_window_of_opportunity_c,
          co_window_corner_ca, co_window_2corner, co_window_corner_b,
          glass_columns_c, glass_columns_b, glass_columns_b, glass_columns_a,
          grunt_ministairs_7
D:14:     david_vaults_3, ashenzari_altar_1, kennysheep_crisscross, minivault_5
D:15:     grunt_enter_depths_magical_seal, minmay_misc_feat_secret_circle,
          lemuel_flamethrower_3
Temple:   nicolae_temple_great_sept
Lair:1:   lemuel_fruit_fields
Lair:2:   minmay_swamp_entry_worms, uniq_harold
Lair:3:   guppyfry_snake_entry_garden, infiniplex_staircase_pool_2, uniq_rupert
Lair:4:   kennysheep_catoblepas_arena
Lair:5:   bobbens_ice_dragon_lair, grunt_megastairs_2,
          minmay_lair_oklob_chamber, infiniplex_staircase_pool
Lair:6:   evilmike_catoblepas_cave, slime_altar_2, uniq_josephine
Swamp:1:  hangedman_swamp_pad
Swamp:2:  evilmike_swamp_ruin_house_2
Swamp:3:  nicolae_swamp_trees_clearing
Swamp:4:  swamp_basic_johnstein, uniq_mara
Snake:1:  uniq_frances
Snake:2:  basic_altar, minmay_shop_grid_forest, lemuel_fruit_tree, uniq_vashnia,
          uniq_roxanne, uniq_louise
Snake:4:  snake_pit, spider_trap, grunt_ministairs_6, st_stairs_7,
          nicolae_snake_horde_hoard
Slime:1:  basic_altar
Slime:3:  cheibrodos_slime_lost_civilization_4
Orc:1:    uniq_fannar
Orc:2:    st_orc_rangers, uniq_snorg
Vaults:1: grunt_vaults_bifocal, vaults_room_grunt_arrival_ludios,
          hangedman_vaults_snaps, serial_ice_h, nicolae_vaults_little_squares_6,
          grunt_vaults_diagonal, v_misc_5, v_misc_25, v_misc_22,
          nicolae_vaults_know_your_exits, ontoclasm_vaults_misaligned,
          ontoclasm_vaults_chip, vaults_dpeg_ring, vaults_room_corners,
          nicolae_vaults_mini_display_case, nicolae_vaults_rhombus_5
Vaults:2: nicolae_vaults_octagons, minmay_crypt_entry_vampire_xt,
          ontoclasm_vaults_tryst, v_misc_29, nicolae_vaults_hallways_thing,
          grunt_vaults_funnel, nicolae_vaults_yaktaur_gun_rack,
          nicolae_vaults_little_squares_2, v_misc_2,
          nicolae_vaults_little_squares_4
Vaults:3: vaults_room_large_hall, v_pattern_4, nicolae_vaults_big_angled_halls,
          ontoclasm_vaults_eye, nicolae_vaults_three_branches,
          ontoclasm_vaults_gateway
Vaults:4: v_misc_19, v_pattern_3, nicolae_vaults_little_squares_5, v_misc_30,
          vaults_standard_mumra_enter_the_diamond, hangedman_vaults_capsules,
          nicolae_vaults_statue_guard, vaults_room_corners
Depths:1: grunt_mini_vestibule, nrook_uturn, rand_demon_pan_entry_8,
          mu_enter_wizlab_3, serial_shops, shop, kennysheep_little_box,
          kennysheep_generic_room_15
Depths:2: mu_elemental_laboratory, hell_entry, abyss_entry, minmay_holes,
          serial_shops, shop_fountains, minmay_misc_feat_doors, eino_curves_02,
          uniq_aizul
Depths:3: grunt_profane_halls, hell_entry, pan_entry
Depths:4: dpeg_oklob_gauntlet, abyss_entry_small_statue_room,
          grunt_decor_resistance, hell_entry, spider_trap,
          nicolae_for_you_no_charge, infiniplex_staircase_pool_1,
          minmay_shop_grove, serial_bayou_shore_b, basic_stair_grate_trap,
          serial_bayou_shore_a, uniq_mennas
Depths:5: evilmike_zot_entry_argh, ziggurat_fallback, pf_hell_entry_great_geh,
          serial_shops, nicolae_shop_behind_doors, lightli_giant_bouncers
Zot:1:    hangedman_snap_crack_crunch
Sewer:    kennysheep_pipe_town

Skill      XL: |  1  2  3  4  5  6  7  8  9 10 11 12 13 14 15 16 17 18 19 20 21 22 |
---------------+-------------------------------------------------------------------+-----
Spellcasting   | 3 4 5 6 8 10 12 13 14 15 16 17 | 17.5
Summonings     | 5 6 7 9 10 12 14 15 17 18 19 20 | 20.0
Ice Magic      | 1 3 4 |  4.0
Air Magic      | 2 3 |  3.2
Fighting       | 4 10 12 13 15 16 19 | 19.1
Shields        | 3 4 |  4.0
Translocations | 2 5 10 | 10.1
Dodging        | 6 8 10 | 10.1
Armour         | 3 6 8 |  8.5
Stealth        | |  2.0

Action                   |  1- 3 |  4- 6 |  7- 9 | 10-12 | 13-15 | 16-18 | 19-21 | 22-24 || total
-------------------------+-------+-------+-------+-------+-------+-------+-------+-------++-------
Melee: Unarmed           |     2 |       |       |       |       |       |       |       ||     2
       Short sword       |     8 |    17 |    12 |       |       |       |       |       ||    37
       Dagger            |       |       |    27 |       |     1 |     6 |       |       ||    34
       Staff             |       |       |       |    38 |    25 |     5 |    14 |     2 ||    84
 Cast: Summon Small Mamm |    55 |     7 |     1 |       |     1 |       |       |       ||    64
       Call Imp          |    19 |    67 |    24 |       |       |       |       |       ||   110
       Call Canine Famil |    10 |    29 |    49 |    69 |   104 |    27 |    11 |       ||   299
       Summon Ice Beast  |       |       |   132 |   289 |   345 |    72 |       |       ||   838
       Summon Lightning  |       |       |     7 |    27 |    17 |     2 |       |       ||    53
       Blink             |       |       |       |     8 |    19 |    15 |    19 |     3 ||    64
       Repel Missiles    |       |       |       |     4 |     6 |    10 |     7 |     1 ||    28
       Summon Demon      |       |       |       |       |   283 |   298 |   344 |    74 ||   999
       Shadow Creatures  |       |       |       |       |    74 |   173 |    93 |    30 ||   370
       Monstrous Menager |       |       |       |       |    19 |   130 |   251 |    87 ||   487
       Aura of Abjuratio |       |       |       |       |       |     3 |    10 |     7 ||    20
       Summon Horrible T |       |       |       |       |       |     7 |    46 |    25 ||    78
       Malign Gateway    |       |       |       |       |       |       |    12 |     5 ||    17
       Dragon's Call     |       |       |       |       |       |       |       |     3 ||     3
Invok: Divine Energy     |       |       |     1 |       |       |       |       |       ||     1
       Channel Magic     |       |       |       |       |       |       |     1 |       ||     1
Evoke: Wand              |       |       |       |       |     2 |     3 |    15 |     4 ||    24
  Use: Potion            |       |       |     4 |       |     9 |     3 |     5 |     7 ||    28
       Scroll            |       |       |    11 |     5 |    16 |    18 |    18 |     4 ||    72
 Stab: Distracted        |       |     1 |     2 |     2 |       |     2 |       |       ||     7
  Eat: Chunk             |     7 |    17 |    27 |    35 |    96 |    92 |   102 |    11 ||   387
       Fruit             |       |       |     2 |     6 |    24 |     7 |    10 |       ||    49
       Buggy             |       |       |     1 |     2 |     8 |     1 |     3 |     1 ||    16
       Meat ration       |       |       |     2 |     3 |     2 |     6 |     3 |     3 ||    19
       Buggy             |       |       |     1 |     2 |     1 |     1 |     3 |     2 ||    10
       Bread ration      |       |       |     1 |       |       |     7 |     6 |     3 ||    17
       Royal jelly       |       |       |       |       |     2 |       |     1 |       ||     3
Armor: Robe              |    12 |    11 |    11 |     8 |    13 |       |       |       ||    55
       Troll leather arm |       |       |       |       |    39 |    61 |   114 |    52 ||   266
       Ring mail         |       |       |       |       |    11 |       |       |       ||    11
Dodge: Dodged            |    34 |    44 |    52 |    90 |   230 |   230 |   302 |    51 ||  1033
       Deflected         |       |       |       |     3 |    22 |    51 |    32 |     9 ||   117
Block: Buckler           |       |       |       |    39 |    90 |    80 |    73 |    23 ||   305
